 Dungeon Crawl Stone Soup version 0.10.4 character file.

132 GenialerGandalf the Skirmisher (level 5, -1/46 HPs)
             Began as a Hill Orc Fighter on Feb 26, 2024.
             Slain by a scorpion (8 damage)
             ... on Level 4 of the Dungeon.
             The game lasted 00:07:54 (2659 turns).

GenialerGandalf the Skirmisher (Hill Orc Fighter)   Turns: 2659, Time: 00:07:54

HP  -1/46        AC  8     Str 20      XL: 5   Next: 30%
MP   4/4         EV  6     Int  8      God:
Gold 8           SH 20     Dex 10      Spells:  0 memorised,  4 levels left

Res.Fire  : . . .   See Invis. : .   a - +0 orc hand axe {=f}
Res.Cold  : . . .   Warding    : . . b - +0 orc scale mail
Life Prot.: . . .   Conserve   : .   c - +0 orc shield
Res.Acid. : . . .   Res.Corr.  : .   (no helmet)
Res.Poison: .       Clarity    : .   (no cloak)
Res.Elec. : .       Spirit.Shd : .   (no gloves)
Sust.Abil.: . .     Stasis     : .   u - +0 pair of elf boots
Res.Mut.  : .       Ctrl.Telep.: .   (no amulet)
Res.Rott. : .       Levitation : .   (no ring)
Saprovore : + . .   Ctrl.Flight: .   (no ring)

@: very poisoned, slightly resistant to hostile enchantments, extremely
unstealthy
A: saprovore 1
a: no special abilities


You were on level 4 of the Dungeon.
You were hungry.

You visited 1 branch of the dungeon, and saw 4 of its levels.

You collected 102 gold pieces.
You spent 114 gold pieces at shops.

Inventory:

Hand weapons
 a - a +0,+0 orcish hand axe (weapon) {=f}
 m - a +0,+0 battleaxe
Armour
 b - a +0 orcish scale mail (worn)
 c - a +0 orcish shield (worn)
 u - a +0 pair of elven boots (worn)
Magical devices
 y - a wand of confusion (9) {unknown}
 C - a wand of fire (5) {unknown}
Comestibles
 d - a meat ration
 s - a bread ration
 z - a pear
 B - a honeycomb
 E - an apple
Scrolls
 h - 3 scrolls of teleportation
 i - a scroll of enchant weapon I
 j - a scroll of blinking {unknown}
 n - a scroll of curse weapon
 p - a scroll of random uselessness {unknown}
 r - 3 scrolls of magic mapping {unknown}
 t - 3 scrolls of remove curse {unknown}
 v - 4 scrolls of identify
 w - a scroll of fog {unknown}
 x - a scroll of curse jewellery {unknown}
 A - a scroll of enchant armour
 D - a scroll of amnesia {unknown}
Jewellery
 e - an uncursed amulet of clarity {unknown}
Potions
 f - a potion of confusion {unknown}
 g - a potion of restore abilities {unknown}
 k - a potion of speed {unknown}
 l - a potion of heal wounds {unknown}
 o - 4 potions of curing
 q - a potion of berserk rage {unknown}


   Skills:
 + Level 4.4 Fighting
 + Level 3.5 Axes
 + Level 4.1 Armour
 + Level 1.7 Dodging
 + Level 0.5 Stealth
 + Level 3.9 Shields
 + Level 0.2 Traps & Doors


You had 4 spell levels left.
You didn't know any spells.

Dungeon Overview and Level Annotations

Branches:
Dungeon (4/27)
 Temple: D:4-7

Altars:

Shops:
D:4: *?


Innate Abilities, Weirdness & Mutations

You can tolerate rotten meat.


Message History

You are too injured to fight blindly!
You are too injured to fight blindly!
You are too injured to fight blindly!
You are too injured to fight blindly!
You are too injured to fight blindly!
You are too injured to fight blindly!
You are too injured to fight blindly!
You are too injured to fight blindly!
You are too injured to fight blindly!
Your shield and scale mail prevent you from hitting the scorpion.
The scorpion is severely wounded.
* * * LOW HITPOINT WARNING * * *
You feel very sick. The scorpion barely misses you.
You hit the scorpion.
The scorpion is almost dead.
* * * LOW HITPOINT WARNING * * *
You feel very sick. You block the scorpion's attack. The scorpion stings you!
You die...

'##..........###.#.#
.##.#..........#.#.#
.##.#..^.........#.#
.##.#.#............#
.##.#.#.......######
'##.#.).......##..
....#.........##.#
....#.........##s#
....#.#....#.###@####.#
..)...................#.#. .
....#.#....#####.######.#.# #.#
.#..................###.#.###.###
.#..####.#######.##.##..... ....#
.#..# #.......#.##.##..#.###.#.#
.#(.####...###.#.##.##......#.#.#
.#.....'...+.(............#.#.#.#
.#.#####...###.#.##%#...##..#.#.#


You could see a scorpion.

Vanquished Creatures
  A worker ant (D:4)
  5 adders
  A worm (D:3)
  3 orcs (D:4)
  3 giant cockroaches
  4 goblins
  7 hobgoblins
  2 ball pythons
  6 bats
  2 giant geckos
  2 giant newts
  A hobgoblin zombie (D:2)
  8 kobolds
  A quokka (D:4)
  3 rats
49 creatures vanquished.

Notes
Turn   | Place    | Note
--------------------------------------------------------------
     0 | D:1      | GenialerGandalf, the Hill Orc Fighter, began the quest for the Orb.
     0 | D:1      | Reached XP level 1. HP: 19/19 MP: 0/0
   293 | D:1      | Reached XP level 2. HP: 26/26 MP: 1/1
   362 | D:1      | Reached skill level 4 in Fighting
  1108 | D:2      | Noticed a hobgoblin zombie
  1113 | D:2      | Reached XP level 3. HP: 33/33 MP: 2/2
  1115 | D:2      | Killed a hobgoblin zombie
  1360 | D:3      | Reached skill level 1 in Dodging
  1474 | D:3      | Reached XP level 4. HP: 32/40 MP: 3/3
  2212 | D:4      | Reached XP level 5. HP: 46/46 MP: 4/4
  2339 | D:4      | Found Vil Ikas' General Store.
  2344 | D:4      | Bought a scroll of enchant armour for 66 gold pieces
  2344 | D:4      | Bought a potion of curing for 24 gold pieces
  2344 | D:4      | Bought a potion of curing for 24 gold pieces
  2443 | D:4      | Found Threebb's Magic Scroll Shop.
  2659 | D:4      | Slain by a scorpion
